 Dungeon Crawl Stone Soup version 0.28-a0-1382-g92835e5c71 (webtiles) character file.

Game seed: 4300703395156544789

172 fragbeetle the Chopper (level 5, -1/53 HPs)
             Began as a Troll Berserker on Jan 1, 2022.
             Was a Believer of Trog.
             Slain by a gnoll (5 damage)
             ... on level 3 of the Dungeon.
             The game lasted 00:05:17 (1930 turns).

fragbeetle the Chopper (Troll Berserker)            Turns: 1930, Time: 00:05:17

Health: -1/53      AC:  4    Str: 25    XL:     5   Next: 27%
Magic:  4/4        EV: 10    Int:  5    God:    Trog [**....]
Gold:   84         SH:  0    Dex:  9    Spells: 4/4 levels left

rFire   . . .      SeeInvis .   a - +0 hand axe
rCold   . . .      Faith    .   (no shield)
rNeg    . . .      Spirit   .   b - +0 animal skin
rPois   .          Reflect  .   (helmet restricted)
rElec   .          Harm     .   (no cloak)
rCorr   .          Rampage  .   (gloves unavailable)
Will    .....                   (boots unavailable)
Stlth   +.........              (no amulet)
HPRegen 0.97/turn               (no ring)
MPRegen 0.09/turn               (no ring)

@: on berserk cooldown, slowed, very slow
A: large, unfitting armour, claws 3, regeneration 1, shaggy fur 1, tough skin 1
a: Renounce Religion, Berserk, Trog's Hand


You were on level 3 of the Dungeon.
You worshipped Trog.
Trog was pleased with you.
You visited 1 branch of the dungeon, and saw 3 of its levels.

You collected 84 gold pieces.

Inventory:

Hand Weapons
 a - a +0 hand axe (weapon)
 g - a +0 dagger of speed
Missiles
 f - 84 stones (quivered)
 i - 2 atropa-tipped darts
Armour
 b - a +0 animal skin (worn)
 k - an orb of wrath
Scrolls
 c - a scroll of fog {unknown}
 j - a scroll of blinking {unknown}
 l - a scroll of noise {unknown}
 n - a scroll of fear {unknown}
Potions
 d - a potion of magic {unknown}
 e - a potion of heal wounds
 h - a potion of curing {unknown}
 m - a potion of mutation {unknown}


   Skills:
 + Level 3.2 Fighting
 * Level 3.8 Axes
 + Level 3.2 Dodging


You had 4 spell levels left.
You didn't know any spells.
Your spell library contained the following spells:

 Spells                   Type           Power      Damage    Failure   Level
 Apportation              Tloc           0%         N/A       47%         1
 Sublimation of Blood     Necr           0%         N/A       63%         2
 Wereblood                Tmut           0%         N/A       63%         2
 Alistair's Intoxication  Tmut/Pois      0%         N/A       100%        5
 Summon Hydra             Summ           0%         N/A       100%        7


Dungeon Overview and Level Annotations

Branches:
Dungeon (3/15)

Altars:
Fedhas


Innate Abilities, Weirdness & Mutations

You are too large for most types of armour.
You have claws for hands.
Your natural rate of healing is unusually fast.
You are covered in fur. (AC +1)
You have tough skin. (AC +1)


Message History

The gnoll is almost dead.
You closely miss something. You hit the gnoll.
Something hits you but does no damage. The gnoll closely misses you.
The gnoll hits you with a +0 spear. Something hits you.
The gnoll closely misses you.
You slash the gnoll!
You kill the gnoll!
Trog accepts your kill.
You hit the gnoll. You hit something but do no damage.
The gnoll barely misses you. Something hits you but does no damage.
The gnoll hits you but does no damage. The gnoll closely misses you.
Something hits you.
You closely miss the gnoll. x2; You hit something but do no damage.
The gnoll hits you with a +0 club! The gnoll hits you but does no damage.
You hear some strange, mumbled words.
A puff of flame appears from out of thin air!
The puff of flame hits you!
* * * LOW HITPOINT WARNING * * *
You hit the gnoll but do no damage. You hit something. You hit the gnoll.
You kill the gnoll!
Trog accepts your kill. The gnoll hits you with a +0 club.
* * * LOW HITPOINT WARNING * * *
Something hits you.
* * * LOW HITPOINT WARNING * * *
The gnoll hits you with a +0 club.
* * * LOW HITPOINT WARNING * * *
Something hits you but does no damage.
You closely miss the gnoll. You hit something but do no damage.
The gnoll hits you with a +0 club.
* * * LOW HITPOINT WARNING * * *
You hear some strange, mumbled words.
Something tries to affect you, but you resist.
The gnoll closely misses you.
You hit the gnoll.
The gnoll is moderately wounded.
You hit something but do no damage. Something hits you.
* * * LOW HITPOINT WARNING * * *
The gnoll hits you with a +0 club.
You die...

###########.......#.#
#...###...# #
########...# ##.##.#
...........###...#.#
##
.##.........)..#...#
....##.#####.####...#
###### ###.#####)###
###### ........{...#
....... ....#.@#)###
#####.# .......)g..#
# .....##.)....# #
#####.##...#.## # .$
#....## . #...## #
#.... . ##..#


You could see a gnoll.

Vanquished Creatures
  Natasha (thrice) (D:2)
  2 gnolls (D:3)
  2 adders (D:2)
  2 dart slugs
  2 worms (D:2)
  2 orcs (D:3)
  2 ball pythons (D:1)
  7 bats
  2 endoplasms
  A giant cockroach (D:1)
  3 goblins
  12 hobgoblins
  3 quokkas
  2 frilled lizards (D:2)
  2 kobolds
  5 rats
52 creatures vanquished.

Notes
Turn   | Place    | Note
-------+----------+-------------------------------------------
     0 | D:1      | fragbeetle the Troll Berserker began the quest for the Orb.
     0 | D:1      | Reached XP level 1. HP: 22/22 MP: 0/0
   125 | D:1      | Reached XP level 2. HP: 25/29 MP: 1/1
   759 | D:2      | Reached XP level 3. HP: 34/36 MP: 2/2
   842 | D:2      | Reached ** piety under Trog
   904 | D:2      | Found a faded altar of an unknown god.
  1073 | D:2      | Found a blossoming altar of Fedhas.
  1087 | D:2      | Noticed Natasha
  1095 | D:2      | Killed Natasha
  1096 | D:2      | Reached XP level 4. HP: 45/45 MP: 3/3
  1800 | D:2      | Noticed Natasha
  1815 | D:2      | Killed Natasha
  1830 | D:2      | Noticed Natasha
  1840 | D:2      | Killed Natasha
  1841 | D:2      | Reached XP level 5. HP: 50/53 MP: 4/4
  1930 | D:3      | Slain by a gnoll

Illustrated notes

Levels and vault maps discovered:
D:1:      nicolae_arrival_washed_ashore, layout_loops_ring, minmay_ruptured
D:2:      layout_loops_ring, basic_altar, basic_ecumenical_altar,
          minmay_tripent, uniq_natasha
D:3:      layout_loops_ring, amcnicky_altar_gilded,
          ebering_ghost_reflecting_pool

Skill      XL: |  1  2  3 |
---------------+----------+-----
Axes           | 3 |  3.8
Fighting       | 3 |  3.2
Dodging        | 3 |  3.2

Action                   |  1- 3 |  4- 6 || total
-------------------------+-------+-------++-------
Melee: Hand axe          |   132 |    57 ||   189
Invok: Berserk           |     1 |     2 ||     3
Armor: Animal skin       |    67 |    18 ||    85
Dodge: Dodged            |    91 |    35 ||   126

Table legend: (Time is in decaauts)
 A = Elapsed time spent in this place.
 B = Non-inter-level travel time spent in this place.
 C = Inter-level travel time spent in this place.
 D = Time resting spent in this place.
 E = Time spent auto-exploring this place.
 F = Levels seen in this place.
 G = Mean time per level.
                   A        B        C        D        E       F      G
               +--------+--------+--------+--------+--------+-----+--------+
         Total |   1984 |   1936 |     48 |     66 |   1182 |   3 |  661.3 |
       Dungeon |   1984 |   1936 |     48 |     66 |   1182 |   3 |  661.3 |
               +--------+--------+--------+--------+--------+-----+--------+

Top non-repeatable levels by time:
     D:2: 1152 daAuts
     D:1: 752 daAuts
     D:3: 79 daAuts
